 Dungeon Crawl Stone Soup version 0.31-a0-819-gf6de2f5ab6 (webtiles) character file.

Game seed: 16999918638521819790

15316 qw the Skirmisher (level 12, -1/77 HPs)
             Began as a Gargoyle Hunter on Sept 23, 2023.
             Was an Elder of Okawaru.
             Slain by a death yak (18 damage)
             ... on level 2 of the Lair of Beasts.
             The game lasted 00:04:30 (10012 turns).

qw the Skirmisher (Gargoyle Hunter)                Turns: 10012, Time: 00:04:31

Health: -1/77      AC: 19    Str: 18    XL:     12   Next: 25%
Magic:  17/18      EV: 18    Int: 11    God:    Okawaru [****..]
Gold:   744        SH:  0    Dex: 17    Spells: 11/11 levels left

rFire   . . .        Y - +2 arbalest (flame)
rCold   . . .        (shield currently unavailable)
rNeg    + . .        j - +2 robe {Will+}
rPois   inf          o - +0 helmet
rElec   +            l - +0 cloak
rCorr   .            q - +0 pair of gloves {Str+3}
SInv    .            e - +0 pair of boots
Will    +....        (no amulet)
Stlth   +++          (no ring)
HPRegen 0.32/turn    (no ring)
MPRegen 0.16/turn

%: no passive effects
@: heroic
A: sickness immunity, AC +8, negative energy resistance 1, electricity
resistance, torment resistance 1, petrification resistance
a: Renounce Religion, Heroism, Finesse


You were on level 2 of the Lair of Beasts.
You worshipped Okawaru.
Okawaru was greatly pleased with you.
You visited 3 branches of the dungeon, and saw 13 of its levels.

You collected 744 gold pieces.


Innate Abilities, Weirdness & Mutations

You are immune to sickness and miasma.
Your stone body is resilient. (AC +8)
You are immune to poison.
You resist negative energy. (rN+)
You are resistant to electric shocks. (rElec)
You are resistant to unholy torment.
You are immune to petrification.


   Skills:
 - Level 10.0(15.0) Fighting
 + Level 14.9(19.9) Ranged Weapons
 - Level 3.1(8.1) Armour
 - Level 5.0(10.0) Dodging
 - Level 1.1(6.1) Stealth
 + Level 8.0 Invocations


You had 11 spell levels left.
You didn't know any spells.
Your spell library was empty.

Inventory:

Hand Weapons
 Y - a +2 arbalest of flaming (weapon)
Armour
 e - a +0 pair of boots (worn)
 j - a +2 robe of willpower (worn)
 l - a +0 cloak (worn)
 o - a +0 helmet (worn)
 q - a +0 pair of gloves of strength (worn)
Jewellery
 d - a ring of fire
 f - a ring of ice
Scrolls
 a - a scroll of identify
Potions
 b - 4 potions of curing
 c - a potion of might
 g - 2 potions of enlightenment
 h - 2 potions of mutation
 k - a potion of haste
 m - a potion of cancellation

Dungeon Overview and Level Annotations

Branches:
Dungeon (10/15)            Temple (1/1) D:6            Lair (2/5) D:9
  Swamp: Lair:2-3    Shoals: Lair:2-3     Snake: Lair:2-3    Spider: Lair:2-3
    Orc: D:9-12

Altars:
Ashenzari
Cheibriados
Dithmenos
Elyvilon
Fedhas
Gozag
Hepliaklqana
Kikubaaqudgha
Makhleb
Nemelex Xobeh
Okawaru
Qazlal
Ru
Sif Muna
Trog
Uskayaw
Vehumet
Wu Jian
Xom
Yredelemnul
Zin
The Shining One


Message History

The bolt hits the death yak but does no damage.
You shoot a bolt.
The bolt hits the death yak but does no damage.
You shoot a bolt. The bolt hits the death yak.
The bolt burns the death yak.
The death yak is lightly wounded.
You shoot a bolt. The bolt hits the death yak!
The bolt burns the death yak.
The death yak is moderately wounded.
You shoot a bolt. The bolt hits the death yak!!
The bolt burns the death yak!
The death yak is severely wounded.
You shoot a bolt. The bolt hits the death yak!!
The bolt burns the death yak.
You kill the death yak!
Okawaru accepts your kill.
Your Invocations skill increases to level 8!
You shoot a bolt. The bolt barely misses the death yak.
The death yak gores you. The death yak barely misses you.
The death yak gores you.
You shoot a bolt. The bolt hits the death yak!
The bolt burns the death yak.
The death yak is heavily wounded.
The death yak gores you!
The death yak gores you but does no damage. x2
You shoot a bolt. The bolt hits the death yak!!
The bolt burns the death yak.
The death yak is severely wounded.
The death yak gores you but does no damage.
The death yak gores you! The death yak completely misses you.
You shoot a bolt. The bolt hits the death yak!!
The bolt burns the death yak.
The death yak is almost dead.
The death yak completely misses you. The death yak closely misses you.
The death yak gores you!
You shoot a bolt. The bolt barely misses the death yak.
The death yak gores you but does no damage. x2
The death yak closely misses you.
You shoot a bolt. The bolt hits the death yak.
The bolt burns the death yak.
The death yak is almost dead.
The death yak barely misses you. The death yak closely misses you.
The death yak gores you!!
You shoot a bolt. The bolt hits the death yak!
The bolt burns the death yak.
You kill the death yak!
Okawaru accepts your kill. The death yak gores you!!
You die...

####..##. ##.......#
#.. .........## ...
..........# ...
..........# ... ?
...(..%<..### #.##..
............#
#......
.........######Y..#
........#..}.#@Y.#
........#.....#YY#
......###}.<..+F....
#.....
#.....#.......
......
##.}.##.....}. .###
##### #..#... ......
#..#..


You could see 4 death yaks and a cane toad.

Vanquished Creatures
  A two-headed ogre (D:10)
  Erica (D:8)
  A boulder beetle (D:9)
  2 death yaks (Lair:2)
  Pikel (D:8)
  Joseph (D:8)
  2 torpor snails (Lair:1)
  3 cane toads (Lair:1)
  A black mamba (Lair:2)
  A kobold demonologist (D:10)
  An unseen horror (D:10)
  Jeremiah (D:9)
  Psyche (D:9)
  2 komodo dragons (Lair:1)
  2 trolls
  A hornet (D:7)
  Prince Ribbit (D:7)
  6 blink frogs (Lair:1)
  4 dream sheep (Lair:1)
  2 wraiths (D:10)
  6 yaks (Lair:1)
  3 wyverns
  A basilisk (Lair:1)
  Menkaure (D:5)
  Duvessa (D:5)
  8 water moccasins
  An acid dragon (D:9)
  2 black bears
  An orc warrior (D:10)
  3 ogres
  A sky beast (D:7)
  3 centaurs
  3 phantoms
  5 kobold brigands
  9 bullfrogs
  2 scorpions (D:5)
  5 wights (D:7)
  Dowan (D:5)
  3 killer bees (D:8)
  A hound (D:5)
  2 jellies (D:5)
  A spectral scorpion (D:3)
  2 scorpion zombies (D:3)
  Natasha (twice) (D:3)
  3 orc wizards
  4 iguanas
  5 hell rats (Lair:1)
  4 gnolls (D:3)
  5 adders
  5 river rats (Lair:1)
  3 shadow imps
  3 white imps
  An ufetubus (D:7)
  An adder skeleton (D:3)
  A worm (D:2)
  3 dart slugs
  16 orcs
  5 ball pythons
  6 endoplasms
  5 giant cockroaches
  10 goblins
  4 hobgoblins
  7 jackals (D:2)
  18 kobolds
  2 quokkas
  7 bats
  6 frilled lizards
  A quokka skeleton (D:3)
  7 rats
  A spectral giant cockroach (D:3)
235 creatures vanquished.

Notes
Turn   | Place    | Note
-------+----------+-------------------------------------------
     0 | D:1      | qw the Gargoyle Hunter began the quest for the Orb.
     0 | D:1      | Reached XP level 1. HP: 12/12 MP: 1/1
     0 | D:1      | 0 ||| qw: Version: 0.3-a-83-gcd0e7d8
     0 | D:1      | 0 ||| qw: Game counter: 1465
     0 | D:1      | 0 ||| qw: Melee chars always use a shield: true
     0 | D:1      | 0 ||| qw: God list: Okawaru
     0 | D:1      | 0 ||| qw: Allow faded altars: false
     0 | D:1      | 0 ||| qw: Do Orc after clearing Dungeon:15 true
     0 | D:1      | 0 ||| qw: Do second Lair branch before Depths: true
     0 | D:1      | 0 ||| qw: Lair rune preference: random
     0 | D:1      | 0 ||| qw: Goals: Normal
     0 | D:1      | 0 ||| PLANNING D:1-11
   126 | D:1      | Reached XP level 2. HP: 15/17 MP: 2/2
   443 | D:1      | Reached XP level 3. HP: 21/21 MP: 3/3
   649 | D:1      | 649 ||| UPGRADING to +0 ring mail.
   659 | D:1      | 659 ||| DROPPING +0 leather armour.
   660 | D:1      | 660 ||| UPGRADING to +0 pair of gloves.
   665 | D:1      | 665 ||| DROPPING scroll of butterflies.
   786 | D:2      | Reached skill level 1 in Armour
   887 | D:2      | 887 ||| READING scroll labelled HIENASSAUBLE.
   887 | D:2      | Identified a scroll of acquirement
   887 | D:2      | 887 ||| ACQUIRING +1 arbalest of flaming
   887 | D:2      | Acquired a +1 arbalest of flaming
   889 | D:2      | 889 ||| SWAPPING to +1 arbalest of flaming.
   892 | D:2      | 892 ||| DROPPING +0 shortbow.
   904 | D:2      | Reached skill level 5 in Ranged Weapons
  1096 | D:2      | Reached XP level 4. HP: 27/27 MP: 4/4
  1128 | D:2      | Reached skill level 3 in Fighting
  1483 | D:2      | 1483 ||| DRINKING 2 silvery potions.
  1514 | D:2      | 1514 ||| DRINKING 2 white potions.
  1515 | D:2      | 1515 ||| DRINKING 2 green potions.
  1516 | D:2      | 1516 ||| DROPPING potion of lignification.
  1517 | D:2      | 1517 ||| DROPPING potion of magic.
  1924 | D:3      | Found a hide-covered altar of Uskayaw.
  2017 | D:3      | 2017 ||| RETREEAATING.
  2019 | D:3      | 2019 ||| STILL RETREEAATING.
  2026 | D:3      | Reached XP level 5. HP: 32/32 MP: 5/5
  2063 | D:3      | Noticed Natasha
  2066 | D:3      | 2066 ||| RETREEAATING.
  2069 | D:3      | 2069 ||| STILL RETREEAATING.
  2072 | D:3      | Killed Natasha
  2073 | D:3      | Reached skill level 6 in Ranged Weapons
  2073 | D:3      | 2073 ||| FLEEEEING.
  2074 | D:3      | 2074 ||| FLEEEEING.
  2077 | D:3      | 2077 ||| FLEEEEING.
  2078 | D:3      | 2078 ||| FLEEEEING.
  2079 | D:3      | 2079 ||| FLEEEEING.
  2080 | D:3      | 2080 ||| FLEEEEING.
  2081 | D:3      | 2081 ||| FLEEEEING.
  2082 | D:3      | 2082 ||| FLEEEEING.
  2083 | D:3      | 2083 ||| FLEEEEING.
  2336 | D:3      | Reached XP level 6. HP: 38/38 MP: 6/6
  2347 | D:3      | Noticed Natasha
  2358 | D:3      | Killed Natasha
  2376 | D:3      | Identified the +8 dagger of Bydacosm {pain, rPois rN+
                  | Int+2}
  2534 | D:3      | 2534 ||| READING scroll labelled PUMUFOURA.
  2535 | D:3      | 2535 ||| READING scroll labelled DEAXTUL CEMEM.
  2695 | D:4      | Reached skill level 7 in Ranged Weapons
  2702 | D:4      | HP: 9/38 [ogre/+0 giant spiked club (15)]
  2703 | D:4      | 2703 ||| DRINKING potion of heal wounds.
  2705 | D:4      | Reached XP level 7. HP: 42/43 MP: 7/7
  2714 | D:4      | Found a hazy altar of Hepliaklqana.
  2788 | D:4      | Found a snail-covered altar of Cheibriados.
  3214 | D:4      | 3214 ||| READING 2 scrolls labelled DOAMIA TEEKHLILL.
  3215 | D:4      | 3215 ||| READING 2 scrolls labelled UREM OCKAVILUSK.
  3246 | D:4      | 3246 ||| DROPPING scroll of torment.
  3259 | D:5      | Entered Level 5 of the Dungeon
  3259 | D:5      | Noticed a troll
  3262 | D:5      | Killed a troll
  3263 | D:5      | Reached skill level 8 in Ranged Weapons
  3384 | D:5      | Reached XP level 8. HP: 49/49 MP: 8/8
  3482 | D:5      | Noticed Menkaure
  3484 | D:5      | Reached skill level 9 in Ranged Weapons
  3484 | D:5      | Killed Menkaure
  3547 | D:5      | Noticed Duvessa
  3547 | D:5      | Noticed Dowan
  3548 | D:5      | 3548 ||| RETREEAATING.
  3553 | D:5      | 3553 ||| Stepping ~*~*~tactically~*~*~ (retreating).
  3565 | D:5      | Killed Duvessa
  3566 | D:5      | Reached skill level 6 in Fighting
  3595 | D:5      | Killed Dowan
  3793 | D:5      | Found a sacrificial altar of Ru.
  3796 | D:5      | 3796 ||| UPGRADING to +2 robe of willpower.
  3806 | D:5      | 3806 ||| DROPPING +0 ring mail.
  3807 | D:5      | 3807 ||| UPGRADING to +0 cloak.
  3812 | D:5      | 3812 ||| READING scroll labelled MAUFFYFRULAU.
  3877 | D:6      | 3877 ||| Stepping ~*~*~tactically~*~*~ (retreating).
  3880 | D:6      | 3880 ||| Stepping ~*~*~tactically~*~*~ (retreating).
  3889 | D:6      | Reached skill level 10 in Ranged Weapons
  3889 | D:6      | Reached XP level 9. HP: 53/56 MP: 9/9
  3905 | D:6      | 3905 ||| FLEEEEING.
  3906 | D:6      | 3906 ||| FLEEEEING.
  3907 | D:6      | 3907 ||| FLEEEEING.
  3908 | D:6      | 3908 ||| FLEEEEING.
  3910 | D:6      | 3910 ||| FLEEEEING.
  3911 | D:6      | 3911 ||| FLEEEEING.
  3912 | D:6      | 3912 ||| FLEEEEING.
  3914 | D:6      | 3914 ||| STAIRDANCE
  3973 | D:6      | Reached skill level 3 in Dodging
  4102 | D:6      | Found a staircase to the Ecumenical Temple.
  4103 | D:6      | 4103 ||| PLANNING TEMPLE
  4103 | D:6      | 4103 ||| DRINKING 2 sapphire potions.
  4104 | D:6      | 4104 ||| DRINKING 2 fuming clear potions.
  4105 | D:6      | 4105 ||| READING 2 scrolls of identify.
  4105 | D:6      | 4105 ||| IDENTIFYING emerald potion
  4114 | Temple   | Entered the Ecumenical Temple
  4115 | Temple   | 4115 ||| PLANNING OKAWARU WORSHIP
  4139 | Temple   | Became a worshipper of Warmaster Okawaru
  4140 | Temple   | 4140 ||| PLANNING D:1-11
  4195 | D:6      | Found a broken altar of Ashenzari.
  4195 | D:6      | Found a shadowy altar of Dithmenos.
  4425 | D:6      | 4425 ||| READING scroll labelled GECYZA OGIORGHA.
  4426 | D:6      | 4426 ||| READING scroll labelled SAGASOX FICAFA.
  4427 | D:6      | 4427 ||| READING scroll labelled NYMUOTSOYT.
  4430 | D:6      | 4430 ||| READING 2 scrolls of identify.
  4430 | D:6      | 4430 ||| IDENTIFYING fizzy clear potion
  4441 | D:7      | 4441 ||| PLANNING OSSUARY
  4654 | D:7      | Noticed a hornet
  4663 | D:7      | Killed a hornet
  4797 | D:7      | You fall into a shaft and drop 3 floors!
  4797 | D:10     | Entered Level 10 of the Dungeon
  4882 | D:10     | 4882 ||| Stepping randomly (disturbance).
  4883 | D:10     | 4883 ||| Stepping randomly (disturbance).
  4893 | D:10     | Killed an unseen horror
  4893 | D:10     | Reached * piety under Okawaru
  4894 | D:10     | Reached skill level 11 in Ranged Weapons
  4918 | D:10     | Noticed a troll
  4919 | D:10     | 4919 ||| INVOKING Heroism.
  4920 | D:10     | 4920 ||| RETREEAATING.
  4923 | D:10     | 4923 ||| STILL RETREEAATING.
  4925 | D:10     | 4925 ||| STILL RETREEAATING.
  4926 | D:10     | 4926 ||| STILL RETREEAATING.
  4927 | D:10     | 4927 ||| STILL RETREEAATING.
  4929 | D:10     | 4929 ||| STILL RETREEAATING.
  4930 | D:10     | 4930 ||| STILL RETREEAATING.
  4931 | D:10     | 4931 ||| STILL RETREEAATING.
  4932 | D:10     | 4932 ||| STILL RETREEAATING.
  4933 | D:10     | 4933 ||| STILL RETREEAATING.
  4934 | D:10     | 4934 ||| STILL RETREEAATING.
  4936 | D:10     | 4936 ||| Stepping ~*~*~tactically~*~*~ (retreating).
  4937 | D:10     | 4937 ||| Stepping ~*~*~tactically~*~*~ (retreating).
  4938 | D:10     | 4938 ||| INVOKING Heroism.
  4941 | D:10     | Reached skill level 1 in Invocations
  4944 | D:10     | HP: 14/57 [troll (13)]
  4945 | D:10     | 4945 ||| DRINKING 2 potions of heal wounds.
  4946 | D:10     | 4946 ||| INVOKING Heroism.
  4947 | D:10     | Killed a troll
  5104 | D:10     | 5104 ||| INVOKING Heroism.
  5106 | D:10     | Reached skill level 3 in Invocations
  5106 | D:10     | Reached XP level 10. HP: 43/64 MP: 8/12
  5187 | D:10     | Noticed a two-headed ogre
  5188 | D:10     | 5188 ||| INVOKING Heroism.
  5194 | D:10     | Killed a two-headed ogre
  5194 | D:10     | Reached ** piety under Okawaru
  5239 | D:10     | Noticed a kobold demonologist
  5241 | D:10     | 5241 ||| INVOKING Heroism.
  5245 | D:10     | 5245 ||| RETREEAATING.
  5253 | D:10     | Killed a kobold demonologist
  5337 | D:10     | 5337 ||| RIP OSSUARY
  5337 | D:10     | 5337 ||| PLANNING D:1-11
  5337 | D:10     | 5337 ||| UPGRADING to +0 pair of boots.
  5342 | D:10     | 5342 ||| READING 3 scrolls of identify.
  5342 | D:10     | 5342 ||| IDENTIFYING fuming green potion
  5343 | D:10     | 5343 ||| READING 2 scrolls of identify.
  5343 | D:10     | 5343 ||| IDENTIFYING fuming black potion
  5344 | D:10     | 5344 ||| DROPPING potion of brilliance.
  5360 | D:8      | Reached skill level 12 in Ranged Weapons
  5423 | D:7      | Noticed Prince Ribbit
  5424 | D:7      | 5424 ||| PLANNING OSSUARY
  5431 | D:7      | Killed Prince Ribbit
  5842 | D:7      | 5842 ||| Stepping ~*~*~tactically~*~*~ (retreating).
  5847 | D:7      | 5847 ||| Stepping ~*~*~tactically~*~*~ (retreating).
  5850 | D:7      | Reached *** piety under Okawaru
  5908 | D:7      | Found a sparkling altar of Nemelex Xobeh.
  6014 | D:7      | 6014 ||| DROPPING ring of magical power.
  6015 | D:7      | 6015 ||| READING 2 scrolls of identify.
  6015 | D:7      | 6015 ||| IDENTIFYING puce potion
  6016 | D:7      | 6016 ||| DROPPING potion of degeneration.
  6224 | D:7      | 6224 ||| RIP OSSUARY
  6224 | D:7      | 6224 ||| PLANNING D:1-11
  6254 | D:8      | Noticed Pikel
  6255 | D:8      | 6255 ||| RETREEAATING.
  6256 | D:8      | 6256 ||| STILL RETREEAATING.
  6258 | D:8      | 6258 ||| RETREEAATING.
  6260 | D:8      | 6260 ||| Stepping ~*~*~tactically~*~*~ (retreating).
  6266 | D:8      | 6266 ||| Stepping ~*~*~tactically~*~*~ (retreating).
  6267 | D:8      | 6267 ||| Stepping ~*~*~tactically~*~*~ (retreating).
  6268 | D:8      | 6268 ||| Stepping ~*~*~tactically~*~*~ (retreating).
  6269 | D:8      | Killed Pikel
  6428 | D:8      | Noticed Joseph
  6433 | D:8      | 6433 ||| FLEEEEING.
  6434 | D:8      | 6434 ||| FLEEEEING.
  6435 | D:8      | 6435 ||| FLEEEEING.
  6438 | D:8      | 6438 ||| FLEEEEING.
  6439 | D:8      | 6439 ||| FLEEEEING.
  6440 | D:8      | 6440 ||| FLEEEEING.
  6441 | D:8      | 6441 ||| FLEEEEING.
  6443 | D:8      | 6443 ||| FLEEEEING.
  6444 | D:8      | 6444 ||| FLEEEEING.
  6445 | D:8      | 6445 ||| FLEEEEING.
  6446 | D:8      | 6446 ||| FLEEEEING.
  6448 | D:8      | 6448 ||| FLEEEEING.
  6449 | D:8      | 6449 ||| FLEEEEING.
  6450 | D:8      | 6450 ||| FLEEEEING.
  6451 | D:8      | 6451 ||| FLEEEEING.
  6452 | D:8      | 6452 ||| FLEEEEING.
  6453 | D:8      | 6453 ||| FLEEEEING.
  6454 | D:8      | 6454 ||| FLEEEEING.
  6455 | D:8      | 6455 ||| FLEEEEING.
  6456 | D:8      | 6456 ||| FLEEEEING.
  6458 | D:8      | 6458 ||| FLEEEEING.
  6459 | D:8      | 6459 ||| STAIRDANCE
  6512 | D:8      | 6512 ||| FLEEEEING.
  6513 | D:8      | 6513 ||| STAIRDANCE
  6536 | D:8      | 6536 ||| STAIRDANCE
  6564 | D:8      | 6564 ||| STAIRDANCE
  6648 | D:8      | 6648 ||| STAIRDANCE
  6727 | D:8      | 6727 ||| STAIRDANCE
  6756 | D:8      | Killed Joseph
  6757 | D:8      | Reached skill level 13 in Ranged Weapons
  6833 | D:8      | Reached **** piety under Okawaru
  6863 | D:8      | Noticed Erica
  6864 | D:8      | 6864 ||| INVOKING Heroism.
  6870 | D:8      | Killed Erica
  6871 | D:8      | Reached skill level 9 in Fighting
  6871 | D:8      | Reached XP level 11. HP: 72/72 MP: 12/14
  7421 | D:8      | 7421 ||| READING scroll labelled ANNIOKE VEL.
  7422 | D:8      | 7422 ||| READING scroll labelled VIPHAPHAU MUFAFF.
  7423 | D:8      | 7423 ||| READING scroll labelled DYQARA OB VANO.
  7424 | D:8      | 7424 ||| DRINKING 2 golden potions.
  7481 | D:9      | Found a staircase to the Lair.
  7725 | D:9      | Noticed Jeremiah
  7739 | D:9      | 7739 ||| INVOKING Heroism.
  7740 | D:9      | 7740 ||| UPGRADING to +0 helmet.
  7756 | D:9      | 7756 ||| UPGRADING to +0 pair of gloves of strength.
  7767 | D:9      | 7767 ||| FLEEEEING.
  7771 | D:9      | 7771 ||| FLEEEEING.
  7775 | D:9      | 7775 ||| FLEEEEING.
  7777 | D:9      | 7777 ||| STAIRDANCE
  7899 | D:8      | 7899 ||| DROPPING +0 pair of gloves.
  7900 | D:8      | 7900 ||| DROPPING ring of wizardry.
  7945 | D:9      | 7945 ||| INVOKING Heroism.
  7961 | D:9      | HP: 13/72 [Jeremiah/divine providence (10)]
  7962 | D:9      | 7962 ||| READING scroll of teleportation.
  7963 | D:9      | 7963 ||| DRINKING potion of heal wounds.
  8196 | D:9      | Reached skill level 3 in Armour
  8287 | D:9      | Killed Jeremiah
  8309 | D:9      | Noticed a boulder beetle
  8310 | D:9      | 8310 ||| INVOKING Heroism.
  8312 | D:9      | Noticed Psyche
  8313 | D:9      | 8313 ||| RETREEAATING.
  8316 | D:9      | 8316 ||| RETREEAATING.
  8317 | D:9      | Killed a boulder beetle
  8322 | D:9      | Killed Psyche
  8400 | D:9      | 8400 ||| PLANNING LAIR
  8457 | Lair:1   | Entered Level 1 of the Lair of Beasts
  8467 | Lair:1   | 8467 ||| FLEEEEING.
  8469 | Lair:1   | 8469 ||| STAIRDANCE
  8473 | Lair:1   | 8473 ||| INVOKING Heroism.
  8479 | Lair:1   | 8479 ||| STAIRDANCE
  8512 | Lair:1   | Reached skill level 14 in Ranged Weapons
  8743 | Lair:1   | 8743 ||| INVOKING Heroism.
  8832 | Lair:1   | 8832 ||| INVOKING Heroism.
  8923 | Lair:1   | 8923 ||| INVOKING Heroism.
  8961 | Lair:1   | 8961 ||| INVOKING Heroism.
  8964 | Lair:1   | Reached skill level 6 in Invocations
  8994 | Lair:1   | 8994 ||| Stepping ~*~*~tactically~*~*~ (retreating).
  8995 | Lair:1   | 8995 ||| Stepping ~*~*~tactically~*~*~ (retreating).
  8996 | Lair:1   | 8996 ||| INVOKING Heroism.
  9020 | Lair:1   | 9020 ||| INVOKING Heroism.
  9103 | Lair:1   | 9103 ||| INVOKING Heroism.
  9271 | Lair:1   | 9271 ||| INVOKING Heroism.
  9314 | Lair:1   | 9314 ||| RETREEAATING.
  9315 | Lair:1   | 9315 ||| STILL RETREEAATING.
  9319 | Lair:1   | Reached XP level 12. HP: 77/77 MP: 17/17
  9412 | Lair:1   | 9412 ||| INVOKING Heroism.
  9899 | Lair:2   | 9899 ||| INVOKING Heroism.
  9901 | Lair:2   | 9901 ||| STAIRDANCE
  9997 | Lair:2   | Noticed a death yak
  9997 | Lair:2   | Noticed a death yak
  9997 | Lair:2   | Noticed a death yak
  9997 | Lair:2   | Noticed a death yak
  9997 | Lair:2   | Noticed a death yak
  9998 | Lair:2   | 9998 ||| INVOKING Heroism.
  9998 | Lair:2   | Noticed a death yak
 10005 | Lair:2   | Killed a death yak
 10011 | Lair:2   | HP: 16/77 [death yak (20)]
 10012 | Lair:2   | Killed a death yak
 10012 | Lair:2   | Slain by a death yak

Levels and vault maps discovered:
D:1:      dpeg_arrival_refuge, layout_loops_ring, minmay_bisected
D:2:      layout_basic, grunt_ministairs_2, feat_on_display
D:3:      layout_basic, lemuel_doored_altar, dilly_guarded_unrand_morg
D:4:      layout_loops_cross, lemuel_tele_altar,
          mainiacjoe_overflow_concentric_impassable
D:5:      layout_rooms, nicolae_ru_path_of_blood, uniq_menkaure, uniq_duvessa
D:6:      layout_basic, amethyst_overflow_temple_binary,
          minmay_temple_entry_tees
D:7:      layout_loops_corners, lemuel_round_altar, enter_ossuary_5,
          minmay_misc_feat_encased, uniq_prince_ribbit1
D:8:      layout_basic, dk_noncrumbling_3, uniq_erica, uniq_pikel, uniq_joseph
D:9:      layout_roguey, lair_entry_dummy, uniq_psyche, uniq_jeremiah
D:10:     layout_cave_pods, hangedman_abyss_or_decor_jellyfish_corner,
          minmay_crystal_room
Temple:   regret_index_temple_waves
Lair:1:   layout_cave_pods, kennysheep_abandoned_house, lemuel_fruit_tree,
          grunt_megastairs_5
Lair:2:   layout_cave_pods, shoals_dummy_entry, serial_bayou_shore_a,
          grunt_megastairs_2, uniq_urug, uniq_harold

Skill      XL: |  1  2  3  4  5  6  7  8  9 10 11 12 |
---------------+-------------------------------------+-----
Armour         | 1 2 3 |  3.1
Ranged Weapons | 5 6 7 8 10 11 13 14 | 14.9
Fighting       | 3 4 5 6 7 9 10 | 10.0
Dodging        | 2 3 4 5 |  5.0
Invocations    | 3 4 6 8 |  8.0
Stealth        | |  1.1

Action                     |  1- 3 |  4- 6 |  7- 9 | 10-12 || total
---------------------------+-------+-------+-------+-------++-------
   Fire: Shortbow          |    81 |       |       |       ||    81
         Arbalest          |    28 |   104 |   176 |   366 ||   674
 Invoke: Heroism           |       |       |     3 |    18 ||    21
    Use: Scroll            |     1 |     2 |     8 |     7 ||    18
         Potion            |       |     4 |     3 |     2 ||     9
 Armour: Leather armour    |    20 |       |       |       ||    20
         Ring mail         |    38 |    51 |    32 |       ||   121
         Robe              |       |       |    68 |   147 ||   215
  Dodge: Dodged            |    51 |    49 |    90 |   177 ||   367

Table legend:
 A = Non-vault XP
 B = Vault XP
 C = Vault XP percentage of total XP
 D = Non-vault monster count
 E = Vault monster count
 F = Vault count percentage of total count
                 A         B        C        D         E       F
            +---------+---------+-------+---------+---------+-------
      Total |   16613 |    6092 |  26.8 |     192 |      43 |  18.3
            +---------+---------+-------+---------+---------+-------
        D:1 |      32 |       4 |  11.1 |      19 |       2 |   9.5
        D:2 |      53 |      10 |  15.9 |      23 |       5 |  17.9
        D:3 |     136 |     159 |  53.9 |      21 |       7 |  25.0
        D:4 |     318 |       0 |   0.0 |      10 |       0 |   0.0
        D:5 |    1052 |     387 |  26.9 |      17 |       3 |  15.0
        D:6 |     656 |       0 |   0.0 |      14 |       0 |   0.0
        D:7 |    1636 |     274 |  14.3 |      16 |       1 |   5.9
        D:8 |     535 |    2011 |  79.0 |       7 |       3 |  30.0
        D:9 |    1555 |     723 |  31.7 |      17 |       2 |  10.5
       D:10 |    2853 |       0 |   0.0 |      16 |       0 |   0.0
     Lair:1 |    7374 |     916 |  11.0 |      31 |      18 |  36.7
     Lair:2 |     413 |    1608 |  79.6 |       1 |       2 |  66.7
            +---------+---------+-------+---------+---------+-------
